[Event "Early Titled Tuesday Blitz | February 8 2022"]
[White "Howell, David W L"]
[Black "FGHSMN"]
[WhiteFideId "410608"]
[WhiteElo "2559"]
[BlackElo "2775"]
[Result "1/2-1/2"]
[Round "11"]
[TimeControl "180+1"]
[Date "2022.02.08"]
[WhiteClock "0:01:22"]
[BlackClock "0:01:19"]

1. e4 c5 2. a3 Nc6 3. b4 cxb4 4. axb4 Nxb4 5. Nf3 d6 6. d4 Nf6 7. Ba3 Nc6 8. d5 Nb8 9. Bb5+ Bd7 10. Bd3 g6 11. O-O Bg4 12. Nbd2 Bg7 13. Rb1 Qc8 14. h3 Bxf3 15. Nxf3 Nbd7 16. c4 Nc5 17. Bxc5 Qxc5 18. Qa4+ Nd7 19. Rxb7 Rd8 20. Rfb1 Qc8 21. Qxa7 O-O 22. Rc7 Nc5 23. Rxc8 Rxc8 24. Bc2 Rfe8 25. Qa3 Ra8 26. Qe3 Ra2 27. Bd1 Rea8 28. Kh2 h6 29. e5 R2a3 30. Qe2 Ra2 31. Rb2 Rxb2 32. Qxb2 dxe5 33. Qb6 Rc8 34. Nd2 e4 35. Nb3 Be5+ 36. g3 Nd3 37. Nd2 Rb8 38. Qe3 f5 39. Qxh6 Rb6 40. Kg2 Bg7 41. Qe3 Rb2 42. c5 Nxc5 43. Qxc5 Rxd2 44. Qc1 e3 45. Qxd2 exd2 46. Kf3 Bc3 47. Ke2 Kg7 48. Kd3 Bb4 49. Kc4 Ba5 50. Kb5 Bc3 51. Kc4 Be5 52. Kd3 f4 53. g4 Bf6 54. Kxd2 Bh4 55. Ke2 Kf6 56. Bc2 g5 57. Kf3 Ke5 58. Bb3 Kd6 59. Ke2 Ke5 60. f3 Kd6 61. Kd3 Ke5 62. Kc4 Kd6 63. Bc2 Ke5 64. Be4 Bf2 65. Kb5 Kd6 66. Ka6 Bh4 67. Kb7 Bf2 68. Kc8 Bh4 69. Kd8 e6 70. dxe6 Kxe6 71. Ke8 Kf6 72. Kf8 Bg3 73. Kg8 Bh4 74. Kh7 Bg3 75. Kh6 Bh4 76. Kh5 Bg3 77. Kh6 Bh4 78. Kh7 Bg3 79. Kh8 Bh4 80. Kg8 Bg3 81. Kf8 Bh4 82. Ke8 Bg3 83. Kd8 Bh4 84. Kc8 Bg3 85. Kb7 Bh4 86. Kc6 Bg3 87. Kb5 Bh4 88. Kc4 Bg3 89. Kd3 Bh4 90. Ke2 Bg3 91. Kf1 Bh4 92. Ke2 Bg3 93. Kd1 Bh4 94. Kc1 Bg3 95. Kb1 Bh4 96. Ka1 Bg3 97. Ka2 Bh4 98. Ka3 Bg3 99. Ka4 Bh4 100. Ka5 Bg3 101. Ka6 Bh4 102. Ka7 Ke5 103. Ka8 Kd4 104. Kb8 Ke3 105. Kc8 Kf2 106. Kd8 Kg3 107. Ke8 Kxh3 108. Kf8 Kg3 109. Kg8 Kf2 110. Kh8 Kg3 111. Kh7 Kf2 112. Kh6 Kg3 113. Kh5 Kf2 114. Kg6 Kg3 115. Kf5 Kf2 116. Ke5 Kg3 117. Kd5 Kf2 118. Kc5 Kg3 119. Kb5 Kf2 120. Ka5 Kg3 121. Kb4 Kf2 122. Ka4 Kg3 123. Kb3 Kf2 124. Ka3 Kg3 125. Kb2 Kf2 126. Ka2 Kg3 127. Kb1 Kf2 128. Kc2 Kg3 129. Kd2 Kf2 130. Kd3 Kg3 131. Ke2 Kg2 132. Kd1 Kg3 133. Kc2 Kg2 134. Kb3 Kg3 135. Kc4 Kg2 136. Kd5 Kg3 137. Ke5 Kg2 138. Kf5 Kg3 139. Kf6 Kg2 140. Kg6 Kg3 141. Kh5 Kf2 142. Ba8 Ke3 143. Kg6 Kd4 144. Kf5 Kc5 145. Be4 Kb6 146. Ke5 Ka7 147. Kd4 Kb6 148. Kd3 Kb5 149. Ke2 Kc5 150. Kf1 Kd4 151. Kg2 Ke3 152. Kh1 Ke2 153. Kg2 Ke1 154. Bf5 Ke2 155. Bg6 Ke3 156. Bh7 Ke2 157. Be4 Ke3 1/2-1/2


[Site "https://www.chess.com"]

[Event "Early Titled Tuesday Blitz | February 8 2022"]
[White "Iljin, Timofey"]
[Black "Eynullayev, Altay"]
[WhiteFideId "14110180"]
[BlackFideId "13413562"]
[WhiteElo "2396"]
[BlackElo "2079"]
[Result "1-0"]
[Round "11"]
[TimeControl "180+1"]
[Date "2022.02.08"]
[WhiteClock "0:02:27"]
[BlackClock "0:01:41"]

1. d4 Nf6 2. c4 e6 3. Nc3 Bb4 4. e3 b6 5. Bd3 c5 6. Ne2 Bb7 7. O-O O-O 8. d5 exd5 9. cxd5 Nxd5 10. Nxd5 Bxd5 11. Bxh7+ Kxh7 12. Qd3+ Kg8 13. Qxd5 Nc6 14. Rd1 Qf6 15. a3 Ba5 16. e4 Ne7 17. Qxd7 Ng6 18. Qb5 Rad8 19. Be3 Qxb2 20. Qxb2 1-0


[Site "https://www.chess.com"]

[Event "Early Titled Tuesday Blitz | February 8 2022"]
[White "Iljushina, Olga"]
[Black "Sarkar, Justin"]
[WhiteFideId "4152280"]
[BlackFideId "2010011"]
[WhiteElo "1937"]
[BlackElo "2038"]
[Result "1-0"]
[Round "11"]
[TimeControl "180+1"]
[Date "2022.02.08"]
[WhiteClock "0:00:51"]
[BlackClock "0:00:02"]

1. d4 Nf6 2. c4 e6 3. Nc3 Bb4 4. Nf3 b6 5. Bg5 Bb7 6. e3 h6 7. Bh4 g5 8. Bg3 Ne4 9. Qc2 f5 10. Bd3 Bxc3+ 11. bxc3 d6 12. O-O-O h5 13. h4 g4 14. Ne1 Nxg3 15. fxg3 Nd7 16. e4 fxe4 17. Bxe4 Bxe4 18. Qxe4 Ke7 19. Nd3 Nf6 20. Qe3 Qd7 21. Nf4 Rag8 22. Rde1 Kd8 23. Nxe6+ Kc8 24. Ng5 Re8 25. Qf4 Rxe1+ 26. Rxe1 Rf8 27. Qe3 Re8 28. Qf2 Rxe1+ 29. Qxe1 Qf5 30. Qe6+ Qxe6 31. Nxe6 Kd7 32. Nf4 c6 33. Kd2 Ke7 34. Kd3 Kf7 35. a4 Ke7 36. Ke3 Kf7 37. Nd3 Ke6 38. Kf4 1-0


[Site "https://www.chess.com"]

[Event "Early Titled Tuesday Blitz | February 8 2022"]
[White "Iskusnyh, Sergei"]
[Black "Coto Mederos, Michel"]
[WhiteFideId "4120027"]
[BlackFideId "3508528"]
[WhiteElo "2492"]
[BlackElo "2427"]
[Result "1/2-1/2"]
[Round "11"]
[TimeControl "180+1"]
[Date "2022.02.08"]
[WhiteClock "0:00:51"]
[BlackClock "0:00:15"]

1. d4 d5 2. c4 e6 3. Nf3 Nf6 4. g3 Bb4+ 5. Bd2 Be7 6. Bg2 O-O 7. O-O Nbd7 8. Qc2 Ne4 9. Nc3 Nxd2 10. Nxd2 c6 11. e4 e5 12. exd5 exd4 13. dxc6 dxc3 14. cxd7 cxd2 15. dxc8=Q Rxc8 16. Rad1 Qa5 17. Rxd2 Rxc4 18. Qxc4 Qxd2 19. Bxb7 Qxb2 20. Bd5 Bd8 21. Re1 Bb6 22. Re2 Qf6 23. Kg2 g6 24. h4 h5 25. Qe4 Kg7 26. Bb3 Rc8 27. Qe7 Rc7 28. Qe4 Rc1 29. Qe7 Qxe7 30. Rxe7 Rc7 31. Re4 Rd7 32. Rf4 f5 33. Rc4 Rd2 34. Rc2 Rxc2 35. Bxc2 Kf6 36. Bb3 Ke5 37. Bf7 Kf6 38. Be8 Bc5 39. f3 Bb6 40. Kf1 Bc5 41. Ke2 Bb6 42. f4 Bc5 43. a4 Bb6 44. Bb5 Bc5 45. Bc4 Bb6 46. Bd3 Bc5 47. Kf3 Bb6 48. Bc4 Bc5 49. a5 Bb4 50. a6 Bc5 51. Bb5 Bb6 52. Bc4 Bc5 53. Bb5 Bb6 54. Bc4 Bc5 1/2-1/2


[Site "https://www.chess.com"]

[Event "Early Titled Tuesday Blitz | February 8 2022"]
[White "Jaferian, Koosha"]
[Black "Shevtchenko, Olesya"]
[WhiteFideId "12507440"]
[BlackFideId "24131890"]
[WhiteElo "2027"]
[BlackElo "2003"]
[Result "1-0"]
[Round "11"]
[TimeControl "180+1"]
[Date "2022.02.08"]
[WhiteClock "0:00:38"]
[BlackClock "0:00:18"]

1. Nf3 d5 2. b3 e6 3. Bb2 Nf6 4. e3 c5 5. Be2 Nc6 6. O-O Be7 7. c4 O-O 8. cxd5 Nxd5 9. d4 cxd4 10. Nxd4 Nxd4 11. Bxd4 b6 12. Na3 Bb7 13. Nc4 b5 14. Ne5 a6 15. Bf3 f6 16. Nd3 Rc8 17. Qe2 Qd7 18. Rfd1 b4 19. e4 Nc3 20. Bxc3 bxc3 21. Nc5 Qc6 22. Nxb7 Qxb7 23. e5 Qb6 24. Rd7 c2 25. Rc1 Qc5 26. exf6 Bxf6 27. Rd2 Qb6 28. Rdxc2 Rxc2 29. Rxc2 g6 30. g3 Bd4 31. Kg2 e5 32. Rc6 Qb5 33. Qc2 e4 34. Qxe4 Bg7 35. Qd5+ Kh8 36. Qxb5 axb5 37. Rb6 g5 38. Rxb5 h6 39. Ra5 Rc8 40. Ra8 Rxa8 41. Bxa8 1-0


[Site "https://www.chess.com"]

[Event "Early Titled Tuesday Blitz | February 8 2022"]
[White "Jain Kashish Manoj"]
[Black "Mirzanurov, Bulat"]
[WhiteFideId "35081098"]
[BlackFideId "4184521"]
[WhiteElo "1681"]
[BlackElo "2116"]
[Result "1-0"]
[Round "11"]
[TimeControl "180+1"]
[Date "2022.02.08"]
[WhiteClock "0:01:31"]
[BlackClock "0:00:57"]

1. e4 c5 2. Nf3 d6 3. d4 cxd4 4. Nxd4 Nf6 5. Nc3 a6 6. Be3 e5 7. Nf3 Be7 8. Bc4 Nbd7 9. O-O O-O 10. Qe2 b5 11. Bb3 Bb7 12. Bg5 h6 13. Bxf6 Nxf6 14. Rfd1 b4 15. Nd5 Nxd5 16. Bxd5 Bxd5 17. Rxd5 Qc7 18. Rad1 Rfd8 19. R1d3 Rac8 20. Ne1 a5 21. Qg4 g6 22. Rh3 Kg7 23. Qf3 a4 24. Rg3 Qc4 25. Rg4 h5 26. Rg3 h4 27. Rg4 b3 28. axb3 axb3 29. c3 Rc5 30. Nd3 Rxd5 31. exd5 Qa6 32. h3 f5 33. Qxf5 g5 34. Kh2 Rf8 35. Qe4 Bf6 36. c4 Rc8 37. c5 dxc5 38. Nxe5 Re8 39. Qg6+ Kf8 40. Qf7# 1-0


[Site "https://www.chess.com"]

[Event "Early Titled Tuesday Blitz | February 8 2022"]
[White "Jaivardhan Raj"]
[Black "Aggelis, Nikolaos"]
[WhiteFideId "25744437"]
[BlackFideId "4213220"]
[WhiteElo "1375"]
[BlackElo "2154"]
[Result "0-1"]
[Round "11"]
[TimeControl "180+1"]
[Date "2022.02.08"]
[WhiteClock "0:00:06"]
[BlackClock "0:01:34"]

1. e4 c5 2. Nf3 e6 3. d4 cxd4 4. Nxd4 Nf6 5. Nc3 Nc6 6. Ndb5 Bc5 7. Be2 O-O 8. O-O a6 9. Nd6 Qe7 10. Nc4 b5 11. Ne3 b4 12. Na4 Ba7 13. Bd3 d5 14. exd5 exd5 15. Re1 Qc7 16. b3 Bd4 17. Rb1 g6 18. Qf3 Kg7 19. Nxd5 Nxd5 20. Qxd5 Be6 21. Qg5 Kg8 22. Bf4 Qa7 23. Re2 Bg7 24. Nb2 Nd4 25. Re3 Bf5 26. Rbe1 Ne6 27. Qg3 Nxf4 28. Qxf4 Bxb2 29. Bxf5 gxf5 30. Rg3+ Kh8 31. Qxf5 Rae8 32. Rd1 Qd4 33. Rgd3 Qe5 34. Qxe5+ Bxe5 35. g3 Rc8 36. f4 Bf6 37. Rd6 Kg7 38. R1d2 a5 39. g4 Rfd8 40. g5 Rxd6 41. Rxd6 Be7 42. Rd7 Kf8 43. f5 Bxg5 44. Ra7 Be3+ 45. Kf1 Bxa7 0-1


[Site "https://www.chess.com"]

[Event "Early Titled Tuesday Blitz | February 8 2022"]
[White "Janaszak, Dawid"]
[Black "Hamley, Ryan"]
[WhiteFideId "1119206"]
[BlackFideId "30959497"]
[WhiteElo "2199"]
[BlackElo "2478"]
[Result "1-0"]
[Round "11"]
[TimeControl "180+1"]
[Date "2022.02.08"]
[WhiteClock "0:01:24"]
[BlackClock "0:00:08"]

1. e4 c6 2. d4 d5 3. exd5 cxd5 4. Bd3 Nc6 5. c3 Nf6 6. Bf4 Bg4 7. Qb3 Qd7 8. Nd2 e6 9. Ngf3 Bd6 10. Bxd6 Qxd6 11. O-O O-O 12. Rae1 Ne7 13. Ne5 Bf5 14. f4 a6 15. h3 Bxd3 16. Nxd3 Rac8 17. Qxb7 Rb8 18. Qa7 Rb6 19. c4 dxc4 20. Nxc4 Qxd4+ 21. Nf2 Qxc4 22. Qxb6 Ned5 23. Qb3 Qxb3 24. axb3 Nxf4 25. Ra1 Ra8 26. b4 h5 27. b5 a5 28. Ra4 N6d5 29. Rfa1 Rb8 30. Rxa5 Nc7 31. Ra7 Nxb5 32. Ra8 Rf8 33. Ne4 Nc7 34. Rxf8+ Kxf8 35. b4 Nfd5 36. Ra7 Nb5 37. Rb7 Ndc7 38. Nd6 Nxd6 39. Rxc7 Ne8 40. Rd7 1-0


[Site "https://www.chess.com"]

[Event "Early Titled Tuesday Blitz | February 8 2022"]
[White "Jaracz, Pawel"]
[Black "Pakleza, Zbigniew"]
[WhiteFideId "1102222"]
[BlackFideId "1119290"]
[WhiteElo "2429"]
[BlackElo "2467"]
[Result "1-0"]
[Round "11"]
[TimeControl "180+1"]
[Date "2022.02.08"]
[WhiteClock "0:00:34"]
[BlackClock "0:00:06"]

1. e4 d6 2. d4 Nf6 3. Nc3 c6 4. Nge2 b5 5. f3 e5 6. Be3 Nbd7 7. Qd2 b4 8. Nd1 a5 9. Ng3 g6 10. Nf2 Bg7 11. dxe5 dxe5 12. Bc4 O-O 13. O-O Qe7 14. Rfd1 Re8 15. c3 Rb8 16. Rac1 Nb6 17. cxb4 Nxc4 18. Rxc4 axb4 19. Rxc6 Be6 20. b3 Bf8 21. Bc5 Qb7 22. Rb6 Bxc5 23. Rxb7 Rxb7 24. h3 Ra8 25. Kh2 Bd4 26. Rc1 Bc3 27. Rxc3 bxc3 28. Qxc3 Rxa2 29. Qxe5 Rxf2 30. Qxf6 Rd2 31. Qc3 Rd8 32. b4 Rc8 33. Qd4 Rcb8 34. f4 Rxb4 35. Qe5 R4b5 36. Qf6 R5b6 37. Qg5 Rb2 38. f5 Bc4 39. Nh5 Bd3 40. Qg3 Bxe4 41. Nf6+ Kf8 42. Qd6+ Kg7 43. Nxe4 Re8 44. Qf6+ 1-0


[Site "https://www.chess.com"]

[Event "Early Titled Tuesday Blitz | February 8 2022"]
[White "Jaskolka, Tomasz"]
[Black "Lakshmi C"]
[WhiteFideId "1170791"]
[BlackFideId "25035347"]
[WhiteElo "2054"]
[BlackElo "1775"]
[Result "1-0"]
[Round "11"]
[TimeControl "180+1"]
[Date "2022.02.08"]
[WhiteClock "0:00:21"]
[BlackClock "0:00:01"]

1. e4 c5 2. Nf3 Nc6 3. d4 cxd4 4. Nxd4 Nf6 5. Nc3 e5 6. Ndb5 d6 7. Bg5 a6 8. Na3 b5 9. Nd5 Be7 10. Bxf6 Bxf6 11. c4 b4 12. Nc2 Rb8 13. g3 Bg5 14. Bg2 O-O 15. O-O f5 16. f4 exf4 17. gxf4 Bf6 18. Nxf6+ Qxf6 19. Qd5+ Be6 20. Qxc6 fxe4 21. Qxe4 Bf5 22. Qd5+ Kh8 23. Ne3 Bg6 24. Rf2 Rfe8 25. Re1 b3 26. axb3 Rxb3 27. Rfe2 Rxb2 28. Ng4 Rbxe2 29. Rxe2 Qa1+ 30. Kf2 Rxe2+ 31. Kxe2 Qa2+ 32. Ke1 Qb1+ 33. Kf2 Qc2+ 34. Kg3 h5 35. Ne3 h4+ 36. Kxh4 Qf2+ 37. Kg5 Kh7 38. Qf3 1-0


[Site "https://www.chess.com"]

[Event "Early Titled Tuesday Blitz | February 8 2022"]
[White "Jobava, Baadur"]
[Black "Martinovici, Ilia"]
[WhiteFideId "13601520"]
[BlackFideId "13907034"]
[WhiteElo "2617"]
[BlackElo "2303"]
[Result "1/2-1/2"]
[Round "11"]
[TimeControl "180+1"]
[Date "2022.02.08"]
[WhiteClock "0:01:37"]
[BlackClock "0:00:05"]

1. b3 Nf6 2. Bb2 e6 3. g3 d5 4. Bg2 c5 5. Nf3 Nc6 6. O-O Be7 7. c4 O-O 8. e3 b6 9. Nc3 Bb7 10. cxd5 Nxd5 11. Nxd5 Qxd5 12. d4 Bf6 13. Rc1 Qd8 14. Ne5 Bxe5 15. dxe5 Qxd1 16. Rfxd1 Rfd8 17. Rd6 Na5 18. e4 Ba6 19. Bc3 Nb7 20. Rc6 Rd7 21. a4 Rad8 22. f4 Kf8 23. f5 Re8 24. Bh3 Bd3 25. fxe6 fxe6 26. Bxe6 Rde7 27. Bd5 g6 28. Kf2 Nd8 29. Rf6+ Kg7 30. Ke3 Ba6 31. e6 Kh6 32. h4 Nxe6 33. h5 Kxh5 34. Rh1+ Kg5 35. e5 Nd4 36. Bxd4 Rxe5+ 37. Bxe5 Rxe5+ 38. Be4 Kxf6 39. Rxh7 Bc8 40. Kd3 Bf5 41. Bxf5 Rxf5 42. Rxa7 Rf3+ 43. Kc4 Rxg3 44. Rb7 Rg4+ 45. Kc3 Rb4 46. Rb8 g5 47. a5 bxa5 48. Rc8 g4 49. Rc6+ Ke7 50. Rxc5 g3 51. Rg5 Rf4 52. Rg7+ Kd6 53. Rxg3 Kc5 54. Rg5+ Kb6 55. Kb2 Rb4 56. Ka3 Rb5 57. Rg6+ Kb7 58. Ka4 Rb4+ 59. Kxa5 Rxb3 60. Rg4 Kc6 61. Rb4 Rxb4 62. Kxb4 1/2-1/2


[Site "https://www.chess.com"]

[Event "Early Titled Tuesday Blitz | February 8 2022"]
[White "Johnson, Ben"]
[Black "Derraugh, Geordie"]
[WhiteFideId "2010917"]
[BlackFideId "2603950"]
[WhiteElo "2162"]
[BlackElo "2116"]
[Result "0-1"]
[Round "11"]
[TimeControl "180+1"]
[Date "2022.02.08"]
[WhiteClock "0:00:04"]
[BlackClock "0:00:23"]

1. Nf3 Nf6 2. c4 g6 3. b3 Bg7 4. Bb2 O-O 5. g3 c6 6. Bg2 d5 7. O-O Qb6 8. d3 Rd8 9. Qc1 Bf5 10. Nc3 Na6 11. Nh4 Be6 12. Na4 Qa5 13. Bc3 Qc7 14. c5 d4 15. Bd2 Bd5 16. Bf4 e5 17. Bg5 Bxg2 18. Nxg2 Rd5 19. a3 Re8 20. b4 e4 21. Bxf6 Bxf6 22. Nf4 Rf5 23. dxe4 Rxe4 24. Nd3 Rxe2 25. Nab2 Nb8 26. Qd1 Re8 27. Re1 Rxe1+ 28. Qxe1 Nd7 29. Qe4 Ne5 30. Nxe5 Rxe5 31. Qf3 Kg7 32. Nd3 Rf5 33. Qe4 Qd7 34. Re1 h5 35. h4 a5 36. Re2 axb4 37. axb4 Qd5 38. Qxd5 Rxd5 39. Ra2 Rd7 40. Ra7 Kf8 41. Kg2 Ke7 42. f4 Ke6 43. Kf3 Kd5 44. f5 Kc4 45. Nf4 d3 46. Nxd3 Kxd3 47. fxg6 fxg6 48. Kf4 Kc4 0-1


[Site "https://www.chess.com"]

[Event "Early Titled Tuesday Blitz | February 8 2022"]
[White "Jumabayev, Rinat"]
[Black "Ter-Sahakyan, Samvel"]
[WhiteFideId "13702661"]
[BlackFideId "13302531"]
[WhiteElo "2561"]
[BlackElo "2592"]
[Result "1-0"]
[Round "11"]
[TimeControl "180+1"]
[Date "2022.02.08"]
[WhiteClock "0:01:05"]
[BlackClock "0:00:02"]

1. d4 Nf6 2. Nf3 d5 3. Bf4 Bf5 4. c4 e6 5. e3 Bxb1 6. Qxb1 Bb4+ 7. Ke2 dxc4 8. Qc2 Nbd7 9. Qxc4 Bd6 10. g3 O-O 11. Bg2 Qe7 12. Qb3 c5 13. Rac1 Rfc8 14. Rhd1 Bxf4 15. gxf4 Rab8 16. Ne5 g6 17. Qa3 a6 18. Rd2 Rc7 19. Nxd7 Nxd7 20. dxc5 Kf8 21. b4 Nf6 22. Qc3 Kg8 23. Qe5 Rbc8 24. Rcd1 a5 25. a3 axb4 26. axb4 Ne8 27. Bf3 Qh4 28. Qg5 Qxg5 29. fxg5 Kf8 30. Rd7 Rb8 31. Rxc7 Nxc7 32. Rd7 Na6 33. Bxb7 Nxb4 34. c6 1-0


[Site "https://www.chess.com"]

[Event "Early Titled Tuesday Blitz | February 8 2022"]
[White "Kalogridis, Antonios"]
[Black "Zavgorodniy, Sergiy"]
[WhiteFideId "25833901"]
[BlackFideId "14110148"]
[WhiteElo "1495"]
[BlackElo "2420"]
[Result "0-1"]
[Round "11"]
[TimeControl "180+1"]
[Date "2022.02.08"]
[WhiteClock "0:00:09"]
[BlackClock "0:00:07"]

1. d4 Nf6 2. c4 e6 3. Nc3 Bb4 4. a3 Bxc3+ 5. bxc3 Nc6 6. e3 b6 7. Bd3 Na5 8. e4 Ba6 9. e5 Ng8 10. Qe2 d5 11. cxd5 Bxd3 12. Qxd3 Qxd5 13. Nf3 Ne7 14. O-O h6 15. Nd2 Rd8 16. Ne4 Qxe5 17. Re1 Qf5 18. Qg3 O-O 19. Bxh6 Ng6 20. Bg5 Rd7 21. h4 f6 22. Bd2 Nc4 23. f3 a5 24. Bc1 a4 25. Rb1 Kf7 26. Qf2 Rh8 27. g4 Qd5 28. h5 Ne7 29. Qe2 g6 30. hxg6+ Nxg6 31. Kg2 b5 32. Nc5 Re7 33. Rxb5 Nh4+ 34. Kf2 Nxf3 35. Bf4 Nxe1 36. Kxe1 Rh1+ 37. Kf2 Nd6 38. Bxd6 cxd6 39. Ne4 Rh2+ 40. Kf3 Rxe2 41. Rxd5 exd5 42. Nxd6+ Kg6 43. Nf5 R2e4 44. c4 dxc4 45. Nh4+ Kg5 46. Nf5 Rf4+ 47. Kg3 Rxg4+ 48. Kh3 Kxf5 49. d5 Rh7# 0-1


[Site "https://www.chess.com"]

[Event "Early Titled Tuesday Blitz | February 8 2022"]
[White "Kanyamarala, Tarun"]
[Black "Popadic, Dragan"]
[WhiteFideId "45004714"]
[BlackFideId "913650"]
[WhiteElo "2144"]
[BlackElo "2199"]
[Result "0-1"]
[Round "11"]
[TimeControl "180+1"]
[Date "2022.02.08"]
[WhiteClock "0:00:03"]
[BlackClock "0:00:01"]

1. d4 Nf6 2. c4 g6 3. Nc3 Bg7 4. e4 d6 5. Nf3 O-O 6. Be2 e5 7. d5 a5 8. Bg5 h6 9. Be3 Na6 10. h3 Nd7 11. a3 Rb8 12. Rb1 f5 13. exf5 gxf5 14. g4 Nf6 15. Nh4 f4 16. Bd2 Nc5 17. b4 axb4 18. axb4 Nce4 19. Nxe4 Nxe4 20. Nf5 Bxf5 21. gxf5 Qh4 22. Rh2 Nxd2 23. Qxd2 e4 24. Rg2 Kh8 25. Rg4 Qxh3 26. Qxf4 Rbe8 27. Kd1 e3 28. f3 Re5 29. Kc2 Rfxf5 30. Qd4 Qh2 31. Qd3 Rg5 32. Ra1 Re8 33. Rxg5 hxg5 34. Rf1 Kg8 35. Qg6 Qe5 36. Bd3 Qb2+ 37. Kd1 Qd2# 0-1


[Site "https://www.chess.com"]

[Event "Early Titled Tuesday Blitz | February 8 2022"]
[White "Karabalis, Harilos"]
[Black "Triapishko, Alexandr"]
[WhiteFideId "4621808"]
[BlackFideId "14122286"]
[WhiteElo "2168"]
[BlackElo "2479"]
[Result "0-1"]
[Round "11"]
[TimeControl "180+1"]
[Date "2022.02.08"]
[WhiteClock "0:00:16"]
[BlackClock "0:00:13"]

1. e4 c6 2. d4 d5 3. e5 Bf5 4. h4 h5 5. Bd3 Bxd3 6. Qxd3 Qa5+ 7. Nd2 e6 8. Nf3 Nh6 9. c4 Nf5 10. b3 Qa6 11. a4 c5 12. O-O Nc6 13. Bb2 Rd8 14. dxc5 Bxc5 15. Qc2 Nb4 16. Qb1 O-O 17. Ng5 dxc4 18. Nxc4 Nd3 19. Ba3 Bxa3 20. Rxa3 Qc6 21. Qd1 Nxh4 22. Ne3 Nf4 23. Qb1 g6 24. Ra2 Nd3 25. Rc2 Qb6 26. Nc4 Qd4 27. Rd2 Qg4 28. Ne3 Qxg5 29. Rxd3 Nf3+ 30. Kh1 Qh4# 0-1


[Site "https://www.chess.com"]

[Event "Early Titled Tuesday Blitz | February 8 2022"]
[White "Kazarian, Anna-Maja"]
[Black "Redzisz, Michal"]
[WhiteFideId "1033689"]
[BlackFideId "21816107"]
[WhiteElo "2004"]
[BlackElo "1961"]
[Result "1-0"]
[Round "11"]
[TimeControl "180+1"]
[Date "2022.02.08"]
[WhiteClock "0:00:11"]
[BlackClock "0:00:07"]

1. e4 c5 2. Nf3 d6 3. d4 cxd4 4. Nxd4 Nf6 5. Nc3 g6 6. Be3 Bg7 7. f3 O-O 8. Bc4 Nc6 9. Qd2 Bd7 10. Bb3 Rc8 11. O-O-O Ne5 12. Kb1 Nc4 13. Bxc4 Rxc4 14. h4 h5 15. g4 hxg4 16. Nd5 Nxd5 17. exd5 f5 18. fxg4 f4 19. Bf2 Bxg4 20. Rdg1 Qd7 21. Qd3 Rxd4 22. Bxd4 Bf5 23. Qd2 Bh6 24. Bc3 Kh7 25. Rg5 f3 26. h5 f2 27. hxg6+ Kg8 28. Qd4 e5 29. dxe6 Bxc2+ 30. Kxc2 Qa4+ 31. Qxa4 f1=Q 32. Rxf1 Rxf1 33. Qe8+ Rf8 34. Qe7 Rf2+ 35. Kb3 Rf8 36. Qh7# 1-0


[Site "https://www.chess.com"]

[Event "Early Titled Tuesday Blitz | February 8 2022"]
[White "Khamdamova, Afruza"]
[Black "Niyazgulova, Marina"]
[WhiteFideId "14210444"]
[BlackFideId "24142573"]
[WhiteElo "1660"]
[BlackElo "2075"]
[Result "0-1"]
[Round "11"]
[TimeControl "180+1"]
[Date "2022.02.08"]
[WhiteClock "0:00:02"]
[BlackClock "0:00:21"]

1. e4 e6 2. d4 d5 3. Nd2 dxe4 4. Nxe4 Nf6 5. Nxf6+ Qxf6 6. Nf3 h6 7. Bd3 Bd6 8. c3 c5 9. O-O O-O 10. Be3 cxd4 11. cxd4 Nc6 12. Rc1 Bd7 13. Bb1 Bf4 14. Qd3 g6 15. Ne5 Bxe5 16. dxe5 Nxe5 17. Qd6 Bc6 18. Bxh6 Rfd8 19. Qc5 Nf3+ 20. Kh1 Qh4 21. h3 Qxh6 22. Rfd1 Ng5 23. Qe3 Rxd1+ 24. Rxd1 Qxh3+ 25. Qxh3 Nxh3 26. Rd2 Nf4 27. f3 Kg7 28. Be4 Bxe4 29. fxe4 Rc8 30. Rf2 e5 31. Kh2 Rc1 32. Kg3 Rc4 33. Rd2 Rxe4 34. Rd7 Re3+ 35. Kf2 Re2+ 36. Kf3 Rxb2 0-1


[Site "https://www.chess.com"]

[Event "Early Titled Tuesday Blitz | February 8 2022"]
[White "Kiolbasa, Oliwia"]
[Black "Weishaeutel, Moritz"]
[WhiteFideId "1154613"]
[BlackFideId "12967300"]
[WhiteElo "2190"]
[BlackElo "2002"]
[Result "0-1"]
[Round "11"]
[TimeControl "180+1"]
[Date "2022.02.08"]
[WhiteClock "0:00:16"]
[BlackClock "0:01:10"]

1. e4 e5 2. Nf3 Nf6 3. d4 Nxe4 4. Bd3 d5 5. Nxe5 Nd7 6. Nxd7 Bxd7 7. O-O Bd6 8. Qh5 O-O 9. Nc3 g6 10. Qxd5 Bc6 11. Qc4 Qh4 12. f4 Nxc3 13. bxc3 Rfe8 14. d5 Bd7 15. a4 b6 16. Ba3 Bxa3 17. Rxa3 Re1 18. Ra1 Rae8 19. Raxe1 Rxe1 20. g3 Qe7 21. Qd4 Bh3 22. Kf2 Bxf1 23. Bxf1 Ra1 24. Qe5 Qxe5 25. fxe5 Rxa4 26. d6 cxd6 27. exd6 Kf8 28. Ke3 Ra1 29. Bd3 Ke8 30. Kf4 Kd7 31. Ke5 Re1+ 32. Kf6 Kxd6 33. Kxf7 a5 34. Kg7 Re7+ 35. Kf6 a4 0-1


[Site "https://www.chess.com"]

[Event "Early Titled Tuesday Blitz | February 8 2022"]
[White "Kiseleva, Arina"]
[Black "Schut, Han"]
[WhiteFideId "4164989"]
[BlackFideId "1005561"]
[WhiteElo "1866"]
[BlackElo "2057"]
[Result "0-1"]
[Round "11"]
[TimeControl "180+1"]
[Date "2022.02.08"]
[WhiteClock "0:00:03"]
[BlackClock "0:00:09"]

1. d4 Nf6 2. Nf3 g6 3. Nbd2 d5 4. e3 Bg7 5. Bd3 O-O 6. O-O c5 7. dxc5 Nbd7 8. Rb1 Nxc5 9. Qe2 a6 10. Rd1 b5 11. a3 Bb7 12. b3 Qc7 13. Bb2 Rfe8 14. Ne5 Nfe4 15. Nxe4 dxe4 16. b4 exd3 17. Nxd3 Qc6 18. f3 Nxd3 19. Bxg7 Kxg7 20. cxd3 Rac8 21. e4 e5 22. h4 Red8 23. Qe3 Qd6 24. Qg5 f6 25. Qg3 Qd4+ 26. Kh2 Qe3 27. Qh3 Rxd3 28. Rxd3 Qxd3 29. Rg1 Rc7 30. Qe6 Qd7 31. Qb3 Qf7 32. Qb2 Bc8 33. Qe2 Be6 34. Qe3 h5 35. Qb6 Rd7 36. Rc1 Bc4 37. a4 Rd2 38. Qxa6 Qd7 39. axb5 Be2 40. b6 Bxa6 41. Rc7 Qxc7 42. bxc7 Rc2 43. b5 Rxc7 44. bxa6 Ra7 45. g4 Rxa6 46. gxh5 Ra3 47. Kg3 gxh5 48. Kf2 Kg6 49. Kg3 f5 50. exf5+ Kxf5 51. Kh3 Ra2 52. Kg3 Ra3 53. Kg2 Kf4 54. Kf2 Rxf3+ 0-1


[Site "https://www.chess.com"]

[Event "Early Titled Tuesday Blitz | February 8 2022"]
[White "Kopylov, Alexander A."]
[Black "Nesterov, Arseniy"]
[WhiteFideId "4164857"]
[BlackFideId "24198455"]
[WhiteElo "2436"]
[BlackElo "2489"]
[Result "0-1"]
[Round "11"]
[TimeControl "180+1"]
[Date "2022.02.08"]
[WhiteClock "0:00:07"]
[BlackClock "0:00:05"]

1. e4 e5 2. Nf3 Nc6 3. Bc4 Nf6 4. d3 Bc5 5. Be3 Bb6 6. Nc3 d6 7. h3 h6 8. O-O O-O 9. d4 exd4 10. Nxd4 Nxd4 11. Bxd4 Re8 12. Re1 Be6 13. Bb5 Bd7 14. Bxf6 gxf6 15. Bxd7 Qxd7 16. Nd5 Qe6 17. Qf3 Kg7 18. Rad1 c6 19. Nf4 Qe5 20. Nd3 Qe6 21. Nf4 Qe5 22. Nh5+ Kg6 23. Ng3 Kh7 24. Nf5 Rg8 25. Rxd6 Rg5 26. Rd7 Qe6 27. Re7 Qxa2 28. Nd6 Rf8 29. Qxf6 Rg6 30. Qf5 Qxb2 31. Nxf7 Qf6 32. Ne5+ Qxe7 33. Qxg6+ Kh8 34. Qxh6+ Kg8 35. Ng6 Bxf2+ 36. Kh1 Qg7 37. Qg5 Bxe1 38. Ne7+ Kf7 0-1


[Site "https://www.chess.com"]